[ PARTIDA AOE2 · #493769765 ]
UnrankedTurcos vs Magyars
[ ANÁLISIS DE REPETICIÓN · EXTRAÍDO DE LA PARTIDA GRABADA ]
Feudal
12:15
Castillos
15:51
Imperial
19:59
| APM promedio | 36.2 |
| APM pico | 70 |
| eAPM promedio | 13.0 |
| Aldeanos / militares | 45 / 19 |
Foco
⚔️ 22.6% · 🌾 77.4%
Hand Cannoneer ×17 · Bombard Cannon ×2
Feudal
10:45
Castillos
14:19
Imperial
—
| APM promedio | 27.1 |
| APM pico | 63 |
| eAPM promedio | 16.1 |
| Aldeanos / militares | 77 / 67 |
Foco
⚔️ 32.0% · 🌾 68.0%
Magyar Huszar ×54 · Scout Cavalry ×11 · Monk ×2
Feudal
11:23
Castillos
15:39
Imperial
—
| APM promedio | 30.4 |
| APM pico | 75 |
| eAPM promedio | 15.9 |
| Aldeanos / militares | 95 / 20 |
Foco
⚔️ 18.7% · 🌾 81.3%
Spearman ×18 · Battering Ram ×2
Feudal
10:44
Castillos
14:19
Imperial
—
| APM promedio | 39.9 |
| APM pico | 80 |
| eAPM promedio | 21.0 |
| Aldeanos / militares | 64 / 37 |
Foco
⚔️ 21.5% · 🌾 78.5%
Genoese Crossbowman ×30 · Monk ×5 · Petard ×2
Mapa de la partida
Recursos iniciales + cada clic de construcción. Líneas = muros · curvas = relieve. ◆ oro · ⬟ piedra · ● bayas · ✦ reliquia · ◌ hueco del cierre
Tu base· ✓ Cerrada en 15:51 · 0t muro · 2 puerta(s)
Base de LMG_Leonardo· ✓ Cerrada en 14:19 · 0t muro · 2 puerta(s)
Base de Neno· ✓ Cerrada en 15:39 · 0t muro · 2 puerta(s)
Base de LMG_HERA DE TEMU· ✓ Cerrada en 14:19 · 0t muro · 2 puerta(s)
Terreno inicial suavizado · ◌ = hueco del cierre detectado · pasá el cursor para detalles
Inputs por minuto
— APs | MercadoDelAge - - LMG_Leonardo
Build order — APs | MercadoDelAge
126 acciones detectadas en el replay
| 0:01 | Crear | Villager (Male) |
| 0:01 | Crear | Villager (Male) |
| 0:02 | Crear | Villager (Male) |
| 0:02 | Crear | Villager (Male) |
| 0:02 | Crear | Villager (Male) |
| 0:04 | Construir | House |
| 0:06 | Construir | House |
| 1:28 | Crear | Villager (Male) |
| 1:29 | Crear | Villager (Male) |
| 1:58 | Crear | Villager (Male) |
| 1:58 | Crear | Villager (Male) |
| 2:13 | Construir | Lumber Camp |
| 2:23 | Crear | Villager (Male) |
| 2:24 | Crear | Villager (Male) |
| 2:50 | Crear | Villager (Male) |
| 3:25 | Crear | Villager (Male) |
| 3:25 | Crear | Villager (Male) |
| 3:28 | Crear | Villager (Male) |
| 3:28 | Crear | Villager (Male) |
| 3:58 | Crear | Villager (Male) |
| 4:05 | Construir | House |
| 4:06 | Construir | House |
| 4:45 | Construir | Mill |
| 4:50 | Crear | Villager (Male) |
| 5:09 | Construir | House |
| 5:14 | Crear | Villager (Male) |
| 5:23 | Crear | Villager (Male) |
| 5:23 | Crear | Villager (Male) |
| 6:09 | Construir | Lumber Camp |
| 6:10 | Crear | Villager (Male) |
| 6:58 | Crear | Villager (Male) |
| 7:18 | Crear | Villager (Male) |
| 7:32 | Crear | Villager (Male) |
| 7:42 | Construir | Mining Camp |
| 8:24 | Crear | Villager (Male) |
| 8:41 | Crear | Villager (Male) |
| 9:01 | Crear | Villager (Male) |
| 9:03 | Crear | Villager (Male) |
| 10:00 | Investigar | Feudal Age |
| 10:20 | Construir | Mill |
| 10:50 | Crear | Villager (Male) |
| 10:50 | Crear | Villager (Male) |
| 11:43 | Construir | Farm |
| 11:48 | Construir | Farm |
| 11:51 | Construir | Farm |
| 11:55 | Construir | Farm |
| 11:57 | Construir | Farm |
| 12:00 | Construir | Farm |
| 12:15 | Edad | Edad Feudal |
| 12:18 | Construir | Market |
| 12:23 | Construir | Blacksmith |
| 12:30 | Construir | Farm |
| 12:35 | Construir | Farm |
| 13:11 | Investigar | Castle Age |
| 13:35 | Investigar | Double-Bit Axe |
| 14:12 | Crear | Villager (Male) |
| 14:12 | Crear | Villager (Male) |
| 14:25 | Construir | House |
| 15:51 | Edad | Edad de los Castillos |
| 15:56 | Construir | Siege Workshop |
| 16:00 | Construir | Monastery |
| 16:49 | Investigar | Imperial Age |
| 17:03 | Construir | Barracks |
| 18:05 | Construir | House |
| 18:08 | Construir | Archery Range |
| 18:19 | Construir | Archery Range |
| 18:51 | Construir | Mining Camp |
| 19:00 | Construir | Archery Range |
| 19:38 | Crear | Villager (Male) |
| 19:38 | Crear | Villager (Male) |
| 19:41 | Construir | House |
| 19:56 | Construir | House |
| 19:59 | Edad | Edad Imperial |
| 20:00 | Construir | House |
| 20:03 | Crear | Hand Cannoneer |
| 20:04 | Crear | Hand Cannoneer |
| 20:05 | Crear | Hand Cannoneer |
| 20:05 | Crear | Hand Cannoneer |
| 20:20 | Crear | Hand Cannoneer |
| 20:22 | Crear | Bombard Cannon |
| 20:31 | Construir | House |
| 20:34 | Construir | House |
| 20:49 | Construir | House |
| 20:54 | Crear | Hand Cannoneer |
| 20:54 | Crear | Hand Cannoneer |
| 20:57 | Crear | Hand Cannoneer |
| 20:58 | Crear | Hand Cannoneer |
| 21:07 | Construir | House |
| 21:09 | Construir | House |
| 21:23 | Crear | Hand Cannoneer |
| 21:24 | Crear | Villager (Male) |
| 21:59 | Construir | House |
| 22:10 | Crear | Villager (Male) |
| 22:11 | Crear | Villager (Male) |
| 22:17 | Crear | Villager (Male) |
| 22:24 | Crear | Villager (Male) |
| 23:00 | Construir | House |
| 23:33 | Crear | Villager (Male) |
| 23:33 | Crear | Villager (Male) |
| 23:44 | Construir | Farm |
| 23:45 | Construir | Farm |
| 23:47 | Construir | Farm |
| 24:27 | Crear | Hand Cannoneer |
| 24:27 | Crear | Hand Cannoneer |
| 24:32 | Construir | Farm |
| 24:35 | Construir | Farm |
| 24:35 | Construir | Farm |
| 24:47 | Crear | Bombard Cannon |
| 25:19 | Construir | House |
| 25:20 | Crear | Villager (Male) |
| 25:35 | Construir | Farm |
| 25:35 | Construir | Farm |
| 25:35 | Construir | Farm |
| 25:36 | Construir | Farm |
| 25:39 | Construir | Farm |
| 25:46 | Crear | Hand Cannoneer |
| 25:55 | Construir | Farm |
| 25:58 | Construir | Farm |
| 25:59 | Crear | Hand Cannoneer |
| 26:13 | Crear | Hand Cannoneer |
| 26:16 | Construir | House |
| 27:03 | Construir | House |
| 27:14 | Crear | Hand Cannoneer |
| 27:14 | Crear | Hand Cannoneer |
| 27:15 | Crear | Villager (Male) |
| 27:15 | Crear | Villager (Male) |
Build order — LMG_Leonardo
Primeras 150 de 211 acciones detectadas
| 0:01 | Crear | Villager (Male) |
| 0:01 | Crear | Villager (Male) |
| 0:01 | Crear | Villager (Male) |
| 0:02 | Crear | Villager (Male) |
| 0:03 | Construir | House |
| 0:04 | Construir | House |
| 1:25 | Crear | Villager (Male) |
| 1:26 | Crear | Villager (Male) |
| 1:46 | Construir | Lumber Camp |
| 1:49 | Crear | Villager (Male) |
| 1:49 | Crear | Villager (Male) |
| 2:23 | Crear | Villager (Male) |
| 2:23 | Crear | Villager (Male) |
| 2:53 | Crear | Villager (Male) |
| 2:53 | Crear | Villager (Male) |
| 2:53 | Crear | Villager (Male) |
| 2:53 | Crear | Villager (Male) |
| 3:36 | Crear | Villager (Male) |
| 3:36 | Crear | Villager (Male) |
| 3:52 | Construir | House |
| 3:54 | Construir | House |
| 3:55 | Construir | House |
| 4:06 | Crear | Villager (Male) |
| 4:07 | Crear | Villager (Male) |
| 4:07 | Crear | Villager (Male) |
| 5:00 | Construir | Mill |
| 5:10 | Crear | Villager (Male) |
| 5:10 | Crear | Villager (Male) |
| 5:11 | Crear | Villager (Male) |
| 5:32 | Crear | Villager (Male) |
| 5:32 | Crear | Villager (Male) |
| 6:05 | Crear | Villager (Male) |
| 6:06 | Crear | Villager (Male) |
| 6:06 | Crear | Villager (Male) |
| 6:38 | Construir | Mill |
| 6:45 | Crear | Villager (Male) |
| 6:45 | Crear | Villager (Male) |
| 7:38 | Crear | Villager (Male) |
| 7:38 | Crear | Villager (Male) |
| 7:45 | Construir | Mining Camp |
| 7:52 | Construir | Mining Camp |
| 8:35 | Investigar | Feudal Age |
| 9:55 | Crear | Villager (Male) |
| 9:55 | Crear | Villager (Male) |
| 10:45 | Edad | Edad Feudal |
| 10:47 | Construir | Blacksmith |
| 10:51 | Construir | Market |
| 11:11 | Construir | Mining Camp |
| 11:39 | Investigar | Castle Age |
| 11:39 | Investigar | Castle Age |
| 12:22 | Investigar | Double-Bit Axe |
| 12:24 | Crear | Villager (Male) |
| 12:24 | Crear | Villager (Male) |
| 12:58 | Construir | House |
| 13:01 | Construir | House |
| 13:12 | Crear | Villager (Male) |
| 13:12 | Crear | Villager (Male) |
| 13:12 | Crear | Villager (Male) |
| 13:44 | Crear | Villager (Male) |
| 13:45 | Crear | Villager (Male) |
| 14:14 | Crear | Villager (Male) |
| 14:14 | Crear | Villager (Male) |
| 14:14 | Crear | Villager (Male) |
| 14:19 | Edad | Edad de los Castillos |
| 14:22 | Construir | Monastery |
| 14:29 | Construir | Castle |
| 14:54 | Construir | Farm |
| 14:58 | Construir | House |
| 15:00 | Construir | House |
| 15:18 | Crear | Villager (Male) |
| 15:19 | Crear | Villager (Male) |
| 15:19 | Crear | Villager (Male) |
| 15:22 | Crear | Monk |
| 15:22 | Crear | Monk |
| 15:30 | Construir | Farm |
| 15:48 | Crear | Magyar Huszar |
| 15:49 | Crear | Magyar Huszar |
| 16:08 | Construir | Farm |
| 16:11 | Construir | Farm |
| 16:43 | Construir | Farm |
| 16:47 | Construir | Farm |
| 16:51 | Construir | Farm |
| 16:54 | Crear | Magyar Huszar |
| 16:54 | Crear | Magyar Huszar |
| 17:32 | Crear | Villager (Male) |
| 17:48 | Construir | Farm |
| 17:49 | Crear | Villager (Male) |
| 17:51 | Construir | Farm |
| 17:52 | Construir | Farm |
| 17:55 | Construir | Farm |
| 18:02 | Crear | Magyar Huszar |
| 18:03 | Crear | Magyar Huszar |
| 18:03 | Crear | Magyar Huszar |
| 18:03 | Crear | Magyar Huszar |
| 18:03 | Crear | Magyar Huszar |
| 18:15 | Construir | Farm |
| 18:25 | Crear | Magyar Huszar |
| 18:32 | Crear | Villager (Male) |
| 18:32 | Crear | Villager (Male) |
| 18:55 | Crear | Villager (Male) |
| 19:00 | Construir | Farm |
| 19:05 | Construir | Farm |
| 19:05 | Construir | Farm |
| 19:06 | Construir | Farm |
| 19:06 | Construir | Farm |
| 19:07 | Construir | Farm |
| 19:12 | Construir | Farm |
| 19:20 | Crear | Villager (Male) |
| 19:25 | Crear | Magyar Huszar |
| 19:25 | Crear | Magyar Huszar |
| 19:25 | Crear | Magyar Huszar |
| 19:26 | Crear | Magyar Huszar |
| 19:44 | Crear | Villager (Male) |
| 19:46 | Crear | Magyar Huszar |
| 20:05 | Crear | Villager (Male) |
| 20:24 | Investigar | Scale Barding Armor |
| 20:25 | Crear | Villager (Male) |
| 20:25 | Crear | Villager (Male) |
| 20:56 | Crear | Villager (Male) |
| 20:56 | Crear | Villager (Male) |
| 20:58 | Crear | Magyar Huszar |
| 20:58 | Crear | Magyar Huszar |
| 20:58 | Crear | Magyar Huszar |
| 20:58 | Crear | Magyar Huszar |
| 21:23 | Crear | Villager (Male) |
| 21:23 | Crear | Villager (Male) |
| 21:23 | Crear | Villager (Male) |
| 21:28 | Construir | Farm |
| 21:28 | Construir | Farm |
| 21:28 | Construir | Farm |
| 21:29 | Construir | Farm |
| 21:29 | Construir | Farm |
| 21:30 | Construir | Farm |
| 21:30 | Construir | Farm |
| 21:37 | Investigar | Loom |
| 22:01 | Investigar | Chain Barding Armor |
| 22:05 | Crear | Magyar Huszar |
| 22:05 | Crear | Magyar Huszar |
| 22:23 | Construir | Barracks |
| 22:24 | Construir | House |
| 22:29 | Investigar | Horse Collar |
| 22:32 | Crear | Villager (Male) |
| 22:37 | Crear | Magyar Huszar |
| 22:38 | Crear | Magyar Huszar |
| 22:38 | Crear | Magyar Huszar |
| 23:00 | Crear | Villager (Male) |
| 23:00 | Crear | Villager (Male) |
| 23:03 | Crear | Magyar Huszar |
| 23:03 | Crear | Magyar Huszar |
| 23:03 | Crear | Magyar Huszar |
Build order — Neno
Primeras 150 de 207 acciones detectadas
| 0:00 | Crear | Villager (Male) |
| 0:01 | Crear | Villager (Male) |
| 0:04 | Construir | House |
| 0:05 | Construir | House |
| 0:08 | Crear | Villager (Male) |
| 0:09 | Crear | Villager (Male) |
| 1:23 | Crear | Villager (Male) |
| 1:49 | Crear | Villager (Male) |
| 2:12 | Construir | House |
| 2:13 | Construir | House |
| 2:30 | Investigar | Loom |
| 2:31 | Crear | Villager (Male) |
| 2:32 | Crear | Villager (Male) |
| 2:37 | Crear | Villager (Male) |
| 3:16 | Construir | Lumber Camp |
| 3:19 | Crear | Villager (Male) |
| 3:19 | Crear | Villager (Male) |
| 3:40 | Crear | Villager (Male) |
| 3:41 | Crear | Villager (Male) |
| 4:45 | Investigar | Loom |
| 4:47 | Crear | Villager (Male) |
| 4:47 | Crear | Villager (Male) |
| 5:21 | Construir | Mill |
| 5:51 | Crear | Villager (Male) |
| 5:52 | Crear | Villager (Male) |
| 5:52 | Crear | Villager (Male) |
| 6:21 | Crear | Villager (Male) |
| 6:53 | Crear | Villager (Male) |
| 7:31 | Crear | Villager (Male) |
| 7:32 | Crear | Villager (Male) |
| 7:33 | Crear | Villager (Male) |
| 7:33 | Construir | House |
| 7:35 | Construir | House |
| 7:37 | Crear | Villager (Male) |
| 8:02 | Crear | Villager (Male) |
| 8:02 | Crear | Villager (Male) |
| 8:03 | Crear | Villager (Male) |
| 8:09 | Construir | Farm |
| 8:22 | Construir | Mining Camp |
| 8:28 | Construir | Farm |
| 8:49 | Investigar | Feudal Age |
| 9:28 | Crear | Villager (Male) |
| 9:28 | Crear | Villager (Male) |
| 10:06 | Construir | House |
| 10:57 | Construir | House |
| 11:20 | Construir | Farm |
| 11:21 | Construir | Farm |
| 11:23 | Edad | Edad Feudal |
| 11:28 | Construir | Blacksmith |
| 11:33 | Construir | Market |
| 11:50 | Construir | Farm |
| 11:52 | Construir | Farm |
| 12:59 | Investigar | Castle Age |
| 13:31 | Investigar | Horse Collar |
| 14:03 | Investigar | Double-Bit Axe |
| 15:19 | Construir | House |
| 15:24 | Construir | House |
| 15:39 | Edad | Edad de los Castillos |
| 15:41 | Construir | Town Center |
| 15:46 | Construir | Town Center |
| 15:50 | Crear | Villager (Male) |
| 15:54 | Construir | Farm |
| 15:57 | Construir | Farm |
| 16:04 | Construir | Farm |
| 16:04 | Construir | Farm |
| 16:04 | Construir | Farm |
| 16:04 | Construir | Farm |
| 16:05 | Construir | Farm |
| 16:05 | Construir | Farm |
| 16:08 | Construir | Farm |
| 16:09 | Crear | Villager (Male) |
| 16:33 | Crear | Villager (Male) |
| 16:34 | Crear | Villager (Male) |
| 16:34 | Crear | Villager (Male) |
| 16:34 | Crear | Villager (Male) |
| 16:34 | Investigar | Town Watch |
| 16:35 | Crear | Villager (Male) |
| 16:35 | Crear | Villager (Male) |
| 16:40 | Construir | Farm |
| 16:54 | Construir | Farm |
| 17:31 | Investigar | Bow Saw |
| 17:48 | Crear | Villager (Male) |
| 17:59 | Crear | Villager (Male) |
| 18:03 | Construir | Farm |
| 18:04 | Construir | Farm |
| 18:22 | Crear | Villager (Male) |
| 18:26 | Construir | Farm |
| 18:32 | Construir | Farm |
| 18:46 | Crear | Villager (Male) |
| 18:47 | Crear | Villager (Male) |
| 18:51 | Construir | Farm |
| 18:52 | Construir | Farm |
| 18:57 | Construir | House |
| 19:01 | Crear | Villager (Male) |
| 19:10 | Construir | Farm |
| 19:25 | Crear | Villager (Male) |
| 19:34 | Crear | Villager (Male) |
| 19:41 | Construir | Barracks |
| 19:45 | Construir | House |
| 19:47 | Crear | Villager (Male) |
| 19:47 | Crear | Villager (Male) |
| 19:53 | Construir | Farm |
| 19:53 | Crear | Villager (Male) |
| 20:12 | Crear | Villager (Male) |
| 20:12 | Crear | Villager (Male) |
| 20:32 | Crear | Villager (Male) |
| 20:40 | Investigar | Scale Mail Armor |
| 20:42 | Construir | Barracks |
| 20:47 | Construir | Barracks |
| 20:49 | Crear | Villager (Male) |
| 20:56 | Crear | Spearman |
| 20:56 | Crear | Spearman |
| 20:59 | Crear | Villager (Male) |
| 20:59 | Crear | Villager (Male) |
| 21:04 | Construir | Farm |
| 21:05 | Construir | Farm |
| 21:08 | Crear | Villager (Male) |
| 21:10 | Construir | House |
| 21:11 | Construir | House |
| 21:23 | Crear | Spearman |
| 21:23 | Crear | Spearman |
| 21:41 | Investigar | Forging |
| 21:48 | Construir | Farm |
| 21:49 | Crear | Villager (Male) |
| 21:49 | Crear | Villager (Male) |
| 21:52 | Construir | House |
| 21:52 | Construir | House |
| 21:53 | Construir | House |
| 21:59 | Crear | Spearman |
| 21:59 | Crear | Spearman |
| 22:08 | Investigar | Pikeman (upgrade) |
| 22:20 | Crear | Spearman ×5 |
| 22:20 | Crear | Spearman ×5 |
| 22:25 | Investigar | Loom |
| 22:42 | Crear | Villager (Male) |
| 22:42 | Crear | Villager (Male) |
| 22:42 | Crear | Villager (Male) |
| 22:52 | Construir | Mining Camp |
| 23:00 | Crear | Villager (Male) |
| 23:15 | Crear | Villager (Male) |
| 23:15 | Crear | Villager (Male) |
| 23:24 | Crear | Villager (Male) |
| 23:30 | Crear | Villager (Male) |
| 23:40 | Crear | Villager (Male) |
| 23:42 | Crear | Spearman |
| 23:42 | Crear | Spearman |
| 23:53 | Construir | Siege Workshop |
| 23:55 | Construir | Siege Workshop |
| 23:56 | Construir | Siege Workshop |
| 24:08 | Crear | Villager (Male) |
Build order — LMG_HERA DE TEMU
150 acciones detectadas en el replay
| 0:01 | Crear | Villager (Male) |
| 0:01 | Crear | Villager (Male) |
| 0:02 | Crear | Villager (Male) |
| 0:02 | Crear | Villager (Male) |
| 0:02 | Crear | Villager (Male) |
| 0:03 | Construir | House |
| 0:05 | Construir | House |
| 1:23 | Crear | Villager (Male) |
| 1:23 | Crear | Villager (Male) |
| 1:23 | Crear | Villager (Male) |
| 1:49 | Construir | Lumber Camp |
| 2:04 | Crear | Villager (Male) |
| 2:04 | Crear | Villager (Male) |
| 2:04 | Crear | Villager (Male) |
| 2:24 | Crear | Villager (Male) |
| 2:24 | Crear | Villager (Male) |
| 2:24 | Crear | Villager (Male) |
| 2:43 | Crear | Villager (Male) |
| 2:43 | Crear | Villager (Male) |
| 2:43 | Crear | Villager (Male) |
| 3:25 | Crear | Villager (Male) |
| 3:25 | Crear | Villager (Male) |
| 3:25 | Crear | Villager (Male) |
| 3:25 | Crear | Villager (Male) |
| 3:30 | Construir | House |
| 3:31 | Construir | House |
| 3:33 | Construir | House |
| 3:51 | Crear | Villager (Male) |
| 3:51 | Crear | Villager (Male) |
| 4:32 | Construir | Mill |
| 4:47 | Crear | Villager (Male) |
| 4:47 | Crear | Villager (Male) |
| 4:47 | Crear | Villager (Male) |
| 5:20 | Crear | Villager (Male) |
| 5:20 | Crear | Villager (Male) |
| 6:04 | Crear | Villager (Male) |
| 6:04 | Crear | Villager (Male) |
| 6:05 | Crear | Villager (Male) |
| 6:05 | Crear | Villager (Male) |
| 6:16 | Construir | Mill |
| 6:47 | Crear | Villager (Male) |
| 6:48 | Crear | Villager (Male) |
| 6:51 | Crear | Villager (Male) |
| 7:49 | Construir | Mining Camp |
| 8:07 | Crear | Villager (Male) |
| 8:24 | Investigar | Feudal Age |
| 8:37 | Crear | Villager (Male) |
| 8:42 | Crear | Villager (Male) |
| 10:44 | Edad | Edad Feudal |
| 10:48 | Construir | Market |
| 10:52 | Construir | Blacksmith |
| 11:37 | Construir | Mining Camp |
| 11:39 | Investigar | Castle Age |
| 12:09 | Investigar | Loom |
| 12:46 | Construir | House |
| 12:48 | Construir | House |
| 12:56 | Investigar | Double-Bit Axe |
| 14:19 | Edad | Edad de los Castillos |
| 14:31 | Crear | Villager (Male) |
| 14:32 | Crear | Villager (Male) |
| 15:40 | Construir | Castle |
| 15:49 | Investigar | Fletching |
| 15:51 | Investigar | Town Watch |
| 16:00 | Construir | House |
| 16:09 | Crear | Villager (Male) |
| 16:09 | Crear | Villager (Male) |
| 16:16 | Construir | Farm |
| 16:17 | Construir | Farm |
| 16:23 | Construir | Farm |
| 16:25 | Construir | Farm |
| 16:43 | Construir | Mining Camp |
| 17:04 | Crear | Genoese Crossbowman |
| 17:04 | Crear | Genoese Crossbowman |
| 17:04 | Crear | Genoese Crossbowman |
| 17:04 | Crear | Genoese Crossbowman |
| 17:29 | Crear | Villager (Male) |
| 17:29 | Crear | Villager (Male) |
| 17:29 | Crear | Villager (Male) |
| 17:38 | Construir | Monastery |
| 18:19 | Crear | Monk |
| 18:19 | Crear | Monk |
| 18:22 | Crear | Genoese Crossbowman |
| 18:22 | Crear | Genoese Crossbowman |
| 18:22 | Crear | Genoese Crossbowman |
| 18:23 | Crear | Genoese Crossbowman |
| 18:45 | Crear | Genoese Crossbowman |
| 18:46 | Crear | Genoese Crossbowman |
| 19:07 | Crear | Petard |
| 19:08 | Crear | Petard |
| 19:20 | Crear | Villager (Male) |
| 19:20 | Crear | Villager (Male) |
| 19:20 | Crear | Villager (Male) |
| 20:37 | Crear | Genoese Crossbowman |
| 20:38 | Crear | Genoese Crossbowman |
| 20:38 | Crear | Genoese Crossbowman |
| 20:38 | Crear | Genoese Crossbowman |
| 21:05 | Crear | Villager (Male) |
| 21:06 | Crear | Villager (Male) |
| 21:06 | Crear | Villager (Male) |
| 21:06 | Crear | Villager (Male) |
| 22:01 | Crear | Genoese Crossbowman |
| 22:02 | Crear | Genoese Crossbowman |
| 22:02 | Crear | Genoese Crossbowman |
| 22:02 | Crear | Genoese Crossbowman |
| 22:02 | Crear | Genoese Crossbowman |
| 22:34 | Investigar | Padded Archer Armor |
| 22:38 | Construir | University |
| 22:43 | Crear | Villager (Male) |
| 22:43 | Crear | Villager (Male) |
| 22:43 | Crear | Villager (Male) |
| 22:49 | Crear | Villager (Male) |
| 22:49 | Crear | Villager (Male) |
| 22:50 | Crear | Villager (Male) |
| 23:25 | Crear | Genoese Crossbowman |
| 23:25 | Crear | Genoese Crossbowman |
| 23:25 | Crear | Genoese Crossbowman |
| 23:25 | Crear | Genoese Crossbowman |
| 23:41 | Crear | Genoese Crossbowman |
| 23:41 | Crear | Genoese Crossbowman |
| 23:41 | Crear | Genoese Crossbowman |
| 23:42 | Crear | Genoese Crossbowman |
| 23:46 | Crear | Monk |
| 23:47 | Crear | Monk |
| 23:47 | Crear | Monk |
| 24:04 | Investigar | Ballistics |
| 24:06 | Crear | Villager (Male) |
| 24:06 | Crear | Villager (Male) |
| 24:47 | Crear | Genoese Crossbowman |
| 24:47 | Crear | Genoese Crossbowman |
| 24:47 | Crear | Genoese Crossbowman |
| 25:12 | Investigar | Bodkin Arrow |
| 25:22 | Construir | House |
| 25:24 | Construir | House |
| 25:24 | Construir | House |
| 25:24 | Construir | House |
| 25:24 | Construir | House |
| 25:25 | Construir | House |
| 25:25 | Construir | House |
| 25:25 | Construir | House |
| 26:08 | Construir | Castle |
| 26:17 | Construir | Farm |
| 26:20 | Crear | Villager (Male) |
| 26:21 | Crear | Villager (Male) |
| 26:21 | Crear | Villager (Male) |
| 26:21 | Crear | Villager (Male) |
| 26:23 | Construir | Farm |
| 26:23 | Construir | Farm |
| 26:24 | Construir | Farm |
| 26:24 | Construir | Farm |
| 26:24 | Construir | Farm |
Cronología de la partida
| 10:44 | LMG_HERA DE TEMU · age_up feudal |
| 10:45 | LMG_Leonardo · age_up feudal |
| 11:23 | Neno · age_up feudal |
| 12:15 | APs | MercadoDelAge · age_up feudal |
| 13:11 | APs | MercadoDelAge · first_market_buy 100 food |
| 13:14 | APs | MercadoDelAge · first_market_sell 100 stone |
| 13:36 | LMG_Leonardo · first_market_buy 100 stone |
| 14:19 | LMG_HERA DE TEMU · age_up castle |
| 14:19 | LMG_Leonardo · age_up castle |
| 14:22 | LMG_Leonardo · first_building Monastery |
| 14:29 | LMG_Leonardo · first_building Castle |
| 15:39 | Neno · age_up castle |
| 15:40 | LMG_HERA DE TEMU · first_building Castle |
| 15:51 | APs | MercadoDelAge · age_up castle |
| 15:56 | APs | MercadoDelAge · first_building Siege Workshop |
| 16:00 | APs | MercadoDelAge · first_building Monastery |
| 17:03 | APs | MercadoDelAge · first_building Barracks |
| 17:26 | LMG_HERA DE TEMU · first_market_buy 100 food |
| 17:38 | LMG_HERA DE TEMU · first_building Monastery |
| 18:08 | APs | MercadoDelAge · first_building Archery Range |
| 19:41 | Neno · first_building Barracks |
| 19:59 | APs | MercadoDelAge · age_up imperial |
| 22:04 | Neno · first_market_buy 100 food |
| 22:15 | Neno · first_market_sell 100 wood |
| 22:23 | LMG_Leonardo · first_building Barracks |
| 23:53 | Neno · first_building Siege Workshop |
| 23:55 | LMG_Leonardo · first_building Stable |
| 24:11 | LMG_Leonardo · first_market_sell 100 food |
| 27:26 | APs | MercadoDelAge · resign |
[ ANÁLISIS IA · 1 CRÉDITO ]
¿Qué pasó realmente en esta partida?
Wolo.gg analiza cada decisión: build order, eco, micro, errores típicos por bracket. Análisis personalizado por WhatsApp o Discord en 30 segundos.
Guía civ
Turcos
Perfil
APs | MercadoDelAge